cohdb
Replays
Latest Replays
All Replays
Popular Replays
Top Player Replays
Match Explorer
How It Works
Community
CoH3 Stats
Reddit
Sign in to upload your games and track your stats! →
Sign in with Steam
Match 38464653
Unlisted
Match 38464653
Overview
Messages
Build Orders
End
Construct Infanterie Kompanie
Kettenkrad Recon Vehicle
MG 42 Machine Gun Team
GrW 34 Mortar Team
Grenadier Squad
Construct Luftwaffe Kompanie
Jäger Squad
Support Elements
Selects Mechanized Battlegroup
Selects Spotting Scopes
Marder III M Tank Destroyer
Jäger Squad
Selects Wespe Self-propelled Artillery
Wespe Self-propelled Artillery
Wespe Self-propelled Artillery
Marder III M Tank Destroyer
Luftwaffe Officer Quarters
Selects Zeroing Artillery Barrage
MG 42 Machine Gun Team
Selects Raid Package
Wespe Self-propelled Artillery
Zeroing Artillery Barrage
WЇЌĭήğ§* ★assasin
atank
Hawker Typoon
.
Tea Cup
Tirant
Hunter Iraq™
Ultramarines
0
0
Comments
sign in to comment!
No comments posted yet!